 Dungeon Crawl Stone Soup version 0.28-a0-1312-g71652a0310 (webtiles) character file.

Game seed: 17504946833091236522

59375 gimp the Slicer (level 14, -1/107 HPs)
             Began as a Demigod Wanderer on Dec 27, 2021.
             Slain by a six-headed hydra (9 damage)
             ... on level 4 of the Lair of Beasts.
             The game lasted 01:25:18 (29678 turns).

gimp the Slicer (Demigod Wanderer)                 Turns: 29678, Time: 01:25:19

Health: -1/107     AC:  9    Str: 14    XL:     14   Next: 17%
Magic:  29/32      EV: 17    Int: 25    God:
Gold:   1216       SH:  5    Dex: 17    Spells: 16/33 levels left

rFire   + . .      SeeInvis .   b - +0 scimitar (flame)
rCold   + . .      Faith    .   f - +0 buckler
rNeg    . . .      Spirit   .   l - +2 robe {rC+ rF+}
rPois   .          Reflect  .   (no helmet)
rElec   .          Harm     .   r - +1 cloak
rCorr   +          Rampage  .   (no gloves)
Will    +....                   T - +1 pair of boots
Stlth   +++.......              (no amulet)
HPRegen 0.27/turn               e - ring of wizardry
MPRegen 0.23/turn               P - ring of resist corrosion

@: no status effects
A: high mp 1, forlorn, divine attributes
a: no special abilities


You were on level 4 of the Lair of Beasts.
You visited 3 branches of the dungeon, and saw 18 of its levels.
You also visited: Ice Cave.

You collected 2226 gold pieces.
You spent 1010 gold pieces at shops.

Inventory:

Hand Weapons
 a - the +8 autumn katana {vorpal, manifold assault}
   (You found it on level 1 of the Orcish Mines)

   It sometimes launches melee attacks against multiple visible enemies.
 b - a +0 scimitar of flaming (weapon)
 c - a +2 dagger of speed
 J - the +11 quarterstaff of the Crypt {vorpal, rC++ Dex-5}
   (You found it on level 10 of the Dungeon)

   It inflicts extra damage upon your enemies.
   Dex:       It affects your dexterity (-5).
   rC:        It greatly protects you from cold.
Armour
 f - a +0 buckler (worn)
 l - a +2 robe of resistance (worn)
 r - a +1 cloak (worn)
 v - the +1 leather armour "Ruapp" {rF++ Will- Str+4 SInv}
   (You found it on level 3 of the Dungeon)

   Str:       It affects your strength (+4).
   rF:        It greatly protects you from fire.
   SInv:      It lets you see invisible.
   Will:      It decreases your willpower.
 N - a +2 troll leather armour {Snorg}
 T - a +1 pair of boots (worn)
Jewellery
 d - a ring of positive energy
 e - a ring of wizardry (left hand)
 g - a ring of protection from fire
 i - a ring of positive energy
 j - a ring of see invisible
 C - a ring of flight
 D - a ring of protection from cold
 G - the ring of Dawn {Ice Str+2 Int+2}
   (You found it on level 8 of the Dungeon)

   [ring of ice]

   It enhances your ice magic.
   Str:       It affects your strength (+2).
   Int:       It affects your intelligence (+2).
   rF:        It makes you vulnerable to fire.
   rC:        It protects you from cold.
 P - a ring of resist corrosion (right hand)
 V - a +6 ring of intelligence
Wands
 x - a wand of polymorph (11)
 E - a wand of iceblast (3)
 F - a wand of mindburst (9)
Scrolls
 h - 3 scrolls of fear
 m - 6 scrolls of teleportation
 p - a scroll of brand weapon
 u - 2 scrolls of amnesia
 w - 2 scrolls of magic mapping
 L - 3 scrolls of enchant weapon
 M - 4 scrolls of enchant armour
 O - a scroll of blinking
 Q - a scroll of fog
 R - a scroll of holy word
 U - a scroll of summoning
Potions
 k - 2 potions of invisibility
 n - 3 potions of magic
 o - 2 potions of heal wounds
 q - 3 potions of haste
 s - 5 potions of flight
 t - 2 potions of brilliance
 y - a potion of cancellation
 z - 6 potions of curing
 A - 2 potions of mutation
 H - a potion of resistance
 I - 2 potions of lignification
 S - a potion of berserk rage {unknown}
Miscellaneous
 B - a piece from Xom's chessboard (15/15)


   Skills:
 - Level 5.0 Fighting
 - Level 10.0(10.3) Short Blades
 + Level 3.8(7.4) Long Blades
 - Level 7.0 Armour
 + Level 9.0 Dodging
 - Level 6.3 Stealth
 - Level 4.0 Shields
 - Level 10.0 Spellcasting
 - Level 4.0 Conjurations
 - Level 5.5 Necromancy
 - Level 3.0 Transmutations
 - Level 4.0 Air Magic
 * Level 6.6 Earth Magic
 - Level 4.0 Poison Magic
 - Level 6.0 Evocations


You had 16 spell levels left.
You knew the following spells:

 Your Spells              Type           Power      Damage    Failure   Level
a - Sting                 Tmut/Pois      100%       1d8       1%          1
b - Mephitic Cloud        Conj/Pois/Air  32%        N/A       1%          3
c - Blink                 Tloc           24%        N/A       3%          2
d - Poisonous Vapours     Pois/Air       64%        N/A       1%          2
e - Borgnjor's Vile Clut  Necr/Erth      21%        N/A       4%          5
f - Olgreb's Toxic Radia  Pois           32%        N/A       4%          4

Your spell library contained the following spells:

 Spells                   Type           Power      Damage    Failure   Level
 Animate Skeleton         Necr           80%        N/A       1%          1
 Apportation              Tloc           24%        N/A       1%          1
 Freeze                   Ice            48%        1d7       1%          1
 Magic Dart               Conj           100%       1d8       1%          1
 Pain                     Necr           100%       1d9       1%          1
 Corpse Rot               Necr/Air       72%        N/A       1%          2
 Spider Form              Tmut/Pois      30%        N/A       1%          3
 Vampiric Draining        Necr           40%        2d8       1%          3
 Animate Dead             Necr           20%        N/A       1%          4
 Ignite Poison            Fire/Tmut/Pois 24%        N/A       2%          3
 Call Imp                 Summ           12%        N/A       3%          2
 Scorch                   Fire           24%        2d6       3%          2
 Lee's Rapid Deconstruct  Erth           22%        3d14*     3%          5
 Frozen Ramparts          Ice            24%        1d4       6%          3
 Inner Flame              Hex/Fire       12%        N/A       6%          3
 Fulminant Prism          Conj/Hex       11%        3d9       9%          4
 Hailstorm                Conj/Ice       22%        3d7       9%          4
 Iskenderun's Mystic Bla  Conj/Tloc      22%        2d6       9%          4
 Sticky Flame             Conj/Fire      22%        2d4       9%          4
 Alistair's Intoxication  Tmut/Pois      20%        N/A       13%         5
 Manifold Assault         Tloc           12%        N/A       45%         5
 Eringya's Noxious Bog    Tmut/Pois      15%        N/A       54%         6
 Storm Form               Tmut/Air       15%        N/A       98%         7
 Haunt                    Necr/Summ      13%        N/A       99%         7
 Infestation              Necr           20%        N/A       100%        8
 Necromutation            Tmut/Necr      16%        N/A       100%        8
 Fire Storm               Conj/Fire      11%        8d3       100%        9


Dungeon Overview and Level Annotations

Branches:
Dungeon (11/15)            Temple (0/1) D:4            Lair (5/6) D:10
  Snake (0/4) Lair:2       Spider (0/4) Lair:2          Orc (2/2) D:11
    Elf (0/3) Orc:2         IceCv (visited)
  Slime: Lair:5-6

Shops:
D:3 [   D:9 [   D:10 ?   Orc:2 [=?[

Annotations:
D:8 1 runed translucent door, gugly88's ghost, novice DDFi


Innate Abilities, Weirdness & Mutations

You have an increased reservoir of magic. (+10% MP)
You shall have no god before yourself.
Your divine heritage dramatically boosts your attributes as you level up.


Message History

The seven-headed hydra misses you.
The seven-headed hydra closely misses you.
You block the seven-headed hydra's attack.
The seven-headed hydra bites you!
You take 7 damage, and have 51/107 hp.
You barely miss the seven-headed hydra.
You block the seven-headed hydra's attack.
The seven-headed hydra closely misses you.
You block the seven-headed hydra's attack.
The seven-headed hydra bites you.
The seven-headed hydra barely misses you.
The seven-headed hydra closely misses you.
The seven-headed hydra bites you.
You take 4 damage, and have 47/107 hp.
You lop one of the seven-headed hydra's heads off!
The flame cauterises the wound!
You slash the six-headed hydra! You burn the six-headed hydra.
The six-headed hydra is moderately wounded.
You block the six-headed hydra's attack.
The six-headed hydra misses you.
The six-headed hydra bites you but does no damage.
The six-headed hydra completely misses you.
The six-headed hydra barely misses you.
You block the six-headed hydra's attack.
You hit the six-headed hydra but do no damage.
The six-headed hydra bites you. The six-headed hydra bites you!
The six-headed hydra bites you. The six-headed hydra bites you!
* * * LOW HITPOINT WARNING * * *
The six-headed hydra bites you!
* * * LOW HITPOINT WARNING * * *
The six-headed hydra bites you but does no damage.
You take 36 damage, and have 18/107 hp.
MASSIVE DAMAGE!!
You see here 11 stones.
You block the six-headed hydra's attack.
The six-headed hydra bites you!
* * * LOW HITPOINT WARNING * * *
The six-headed hydra bites you.
* * * LOW HITPOINT WARNING * * *
The six-headed hydra bites you!
You die...

.P.#...#P...##..#.##P.P..........
.................####............
################.#.##.PP...#...#.
.♣ ♣♣.♣♣#♣♣.♣♣#.##...PP.#.P.###.
.♣ #♣.≈.♣#≈≈≈P♣#(............#...
.♣ #.≈≈≈.#♣♣P≈♣#.###.###.........
.♣♣#♣.≈.♣# ♣♣♣≈#.###.# #.##.#P.#P
..♣#♣♣.♣♣ ♣P≈♣#D.#### #.#######.
...#♣.#.♣#♣♣≈P♣#@.# #...##.###
.P.#(≈≈≈)#♣≈♣♣♣...# #.........
≈P...≈≈≈...≈.≈....# ####..##.#
PP.#)≈≈≈(#≈≈≈P≈...## ######.
...#♣.#.♣#♣≈♣♣≈#..P# ####..#
..♣#♣♣.♣♣ ♣♣♣♣≈#..## ###......
.♣♣#♣.≈.♣# ♣♣♣≈#...## #....#.##
.♣ #.≈≈≈.#♣♣P≈♣#....## ##..#.##.
.♣ #♣.≈.♣#≈≈≈P♣#.##.P# ##<.....


You could see a six-headed hydra.

Vanquished Creatures
  A fire giant (Orc:1)
  A dire elephant (Lair:4)
  3 ettins
  Snorg (D:11)
  2 boulder beetles
  4 hydras
  3 ogre magi (Orc:2)
  7 two-headed ogres
  Urug (Lair:3)
  2 orc high priests
  An orb spider (Lair:2)
  An orc knight (Orc:1)
  2 oklob plants (Lair:4)
  7 orc sorcerers (Orc:2)
  14 cyclopes
  10 elephants
  An ugly thing (IceCv)
  5 black mambas
  Maurice (D:11)
  A gargoyle (D:10)
  An unseen horror (D:10)
  8 cane toads
  Maggie (D:8)
  A rime drake (Lair:4)
  8 komodo dragons
  4 polar bears (Lair:2)
  6 trolls
  Prince Ribbit (D:6)
  4 hornets
  Grinder (D:3)
  8 blink frogs (Lair:4)
  A meliai zombie (D:11)
  A vampire (D:9)
  A wraith (D:9)
  6 wyverns
  2 shadows (D:10)
  3 fire bats (Orc:1)
  Grum (D:10)
  31 yaks
  A basilisk (Lair:2)
  3 steam dragons
  A death yak simulacrum (IceCv)
  5 wargs (Orc:1)
  14 water moccasins
  4 sky beasts
  An ice beast (D:7)
  2 black bears
  4 necrophages
  9 ogres
  17 orc warriors
  8 centaurs
  13 wolves
  A phantom (D:6)
  3 kobold brigands
  4 bullfrogs
  A gnoll sergeant (D:7)
  5 scorpions
  2 cane toad simulacra (IceCv)
  A wyvern skeleton (D:7)
  A water moccasin skeleton (D:7)
  2 elephant simulacra (IceCv)
  A killer bee (D:7)
  4 wights
  A crimson imp (D:9)
  3 centaur zombies
  A lava snake (Orc:1)
  3 bullfrog zombies
  A jelly (D:6)
  4 hounds
  10 orc priests
  A centaur skeleton (D:7)
  Terence (D:3)
  An iguana (D:4)
  43 orc wizards
  A scorpion zombie (D:4)
  A hound skeleton (D:6)
  2 howler monkey zombies
  7 gnolls
  A howler monkey skeleton (D:5)
  7 adders
  A shadow imp (D:7)
  3 white imps
  3 adder zombies (D:4)
  An adder skeleton (D:4)
  A worm (D:2)
  68 orcs
  7 bats
  2 endoplasms
  4 giant cockroaches
  7 goblins
  14 hobgoblins
  3 jackals (D:4)
  21 kobolds
  6 quokkas
  16 ball pythons
  6 frilled lizards
  6 rats
521 creatures vanquished.

Vanquished Creatures (others)
  A bullfrog (Lair:1)
  A bush (D:4)
  9 fungi
  32 plants
43 creatures vanquished.

Grand Total: 564 creatures vanquished

Notes
Turn   | Place    | Note
-------+----------+-------------------------------------------
     0 | D:1      | gimp the Demigod Wanderer began the quest for the Orb.
     0 | D:1      | gimp set off with the following items: a +0 club, a potion
                  | of lignification, a +0 chain mail; and the following spell
                  | memorised: Sting; and the following spells available to
                  | memorise: Mephitic Cloud
     0 | D:1      | Reached XP level 1. HP: 14/14 MP: 5/5
   618 | D:1      | Reached XP level 2. HP: 15/20 MP: 7/7
  1470 | D:1      | Reached XP level 3. HP: 26/26 MP: 7/9
  1474 | D:1      | Learned a level 3 spell: Mephitic Cloud
  2231 | D:1      | Reached skill level 1 in Conjurations
  3207 | D:3      | Reached XP level 4. HP: 33/33 MP: 6/10
  3376 | D:3      | Noticed Terence
  3390 | D:3      | Killed Terence
  3498 | D:3      | Found Vunosun's Antique Armour Shoppe.
  3516 | D:3      | Identified the +1 leather armour "Ruapp" {rF++ Will- Str+4
                  | SInv}
  3535 | D:3      | You fall into a shaft and drop 1 floor!
  3610 | D:4      | Reached XP level 5. HP: 34/38 MP: 2/12
  4037 | D:3      | Noticed Grinder
  4152 | D:3      | Paralysed by Grinder for 5 turns
  4184 | D:3      | Paralysed by Grinder for 4 turns
  4193 | D:3      | Paralysed by Grinder for 5 turns
  4198 | D:3      | HP: 1/38 [Grinder (6)]
  4203 | D:3      | Paralysed by Grinder for 3 turns
  4204 | D:3      | Killed Grinder
  4205 | D:3      | Reached skill level 1 in Transmutations
  4205 | D:3      | Reached XP level 6. HP: 16/45 MP: 1/14
  4947 | D:4      | Found a staircase to the Ecumenical Temple.
  5003 | D:4      | Learned a level 2 spell: Blink
  6091 | D:4      | Reached skill level 1 in Air Magic
  6091 | D:4      | Reached XP level 7. HP: 34/50 MP: 14/16
  6508 | D:5      | Entered Level 5 of the Dungeon
  6673 | D:4      | Reached skill level 1 in Fighting
  7351 | D:5      | Reached XP level 8. HP: 62/62 MP: 12/18
  7491 | D:5      | Reached skill level 5 in Spellcasting
  7814 | D:6      | Learned a level 2 spell: Poisonous Vapours
  8008 | D:6      | Noticed a two-headed ogre
  8014 | D:6      | Noticed Prince Ribbit
  8079 | D:5      | Killed a two-headed ogre
  8080 | D:5      | Reached skill level 5 in Armour
  8421 | D:6      | Reached XP level 9. HP: 61/69 MP: 13/20
  8456 | D:6      | Killed Prince Ribbit
  8645 | D:6      | Reached skill level 5 in Short Blades
 10259 | D:7      | Reached skill level 1 in Shields
 11212 | D:7      | Identified the +2 ring mail "Dubleobu" {Regen+ Str+2}
 11764 | D:8      | Noticed Maggie
 11783 | D:8      | Found a runed translucent door.
 11783 | D:8      | Noticed gugly88's ghost (novice DDFi)
 11821 | D:8      | Killed Maggie
 11822 | D:8      | Reached XP level 10. HP: 67/77 MP: 12/21
 11835 | D:8      | Paralysed by a hornet for 2 turns
 12318 | D:8      | Identified the ring of Dawn {Ice Str+2 Int+2}
 12922 | D:10     | Entered Level 10 of the Dungeon
 12940 | D:10     | Noticed a two-headed ogre
 12952 | D:11     | Noticed Snorg
 12957 | D:10     | Noticed Grum
 12979 | D:10     | Identified the +11 quarterstaff of the Crypt {vorpal, rC++
                  | Dex-5}
 12991 | D:10     | Reached skill level 1 in Stealth
 13648 | D:9      | Found Emaludghijoy's Antique Armour Emporium.
 13721 | D:9      | Bought a pair of runed boots for 165 gold pieces
 14438 | D:9      | Killed a two-headed ogre
 14565 | D:10     | Reached skill level 5 in Fighting
 14677 | D:10     | Killed Grum
 14779 | D:10     | Identified the +0 ring mail of the Eight Spirits {Int+3
                  | Stlth+}
 14796 | D:10     | Found a staircase to the Lair.
 14877 | D:11     | Noticed Maurice
 14896 | D:11     | Killed Maurice
 14897 | D:11     | Reached skill level 5 in Stealth
 14897 | D:11     | Reached XP level 11. HP: 86/86 MP: 0/22
 14900 | D:11     | Noticed a two-headed ogre
 15135 | D:10     | Found Suboe's Magic Scroll Emporium.
 15138 | D:10     | Bought a scroll of fear for 35 gold pieces
 15138 | D:10     | Bought a scroll of teleportation for 30 gold pieces
 15138 | D:10     | Bought a scroll of identify for 20 gold pieces
 15138 | D:10     | Bought a scroll of identify for 20 gold pieces
 15138 | D:10     | Bought a scroll of teleportation for 30 gold pieces
 15138 | D:10     | Bought a scroll of blinking for 75 gold pieces
 15138 | D:10     | Bought a scroll of identify for 20 gold pieces
 15476 | D:11     | Noticed a two-headed ogre
 15495 | D:10     | Killed a two-headed ogre
 15618 | D:11     | Noticed a two-headed ogre
 15672 | D:10     | Killed a two-headed ogre
 15888 | D:10     | Reached skill level 10 in Short Blades
 16047 | D:11     | Reached skill level 1 in Evocations
 16610 | D:10     | Killed a two-headed ogre
 17076 | D:11     | Reached skill level 5 in Evocations
 17190 | D:11     | Killed Snorg
 17388 | D:11     | Found a staircase to the Orcish Mines.
 17419 | Lair:1   | Entered Level 1 of the Lair of Beasts
 17974 | Lair:1   | Learned a level 5 spell: Borgnjor's Vile Clutch
 17978 | Lair:1   | Noticed a six-headed hydra
 18766 | Lair:2   | Reached skill level 1 in Necromancy
 18766 | Lair:2   | Reached XP level 12. HP: 94/94 MP: 13/24
 18842 | Lair:2   | Noticed a five-headed hydra
 18902 | Lair:2   | Found a hole to the Spider Nest.
 19045 | Lair:2   | Found a staircase to the Snake Pit.
 19248 | Lair:2   | Reached skill level 5 in Dodging
 19816 | Lair:3   | Noticed a four-headed hydra
 19919 | Lair:3   | Noticed a four-headed hydra
 20086 | Orc:1    | Entered Level 1 of the Orcish Mines
 21541 | Orc:1    | Noticed an ettin
 22348 | Orc:1    | Noticed a fire giant
 22350 | Orc:1    | Noticed an ettin
 22459 | Orc:1    | Killed an ettin
 22478 | Orc:1    | Killed an ettin
 22479 | Orc:1    | Reached XP level 13. HP: 100/100 MP: 24/29
 22884 | Orc:1    | Reached skill level 5 in Necromancy
 23469 | Orc:1    | Killed a fire giant
 23591 | Orc:1    | Found the +8 autumn katana {vorpal, manifold assault}
 23599 | Orc:1    | Identified the +6 halberd "Mahig" {pain, rC+ Str+4 Stlth+}
 23601 | Orc:1    | Identified the +7 shortbow "Xeroiso" {freeze, Fly rCorr}
 23630 | Orc:1    | Got the Catalogue of Lethal Heat
 23704 | Orc:2    | Entered Level 2 of the Orcish Mines
 24146 | Orc:2    | Found a staircase to the Elven Halls.
 24399 | Orc:2    | Reached skill level 1 in Earth Magic
 24489 | Orc:2    | Found Wesail's Antique Armour Shop.
 24558 | Orc:2    | Found Amecw's Magic Scroll Boutique.
 24601 | Orc:2    | Bought a scroll of identify for 20 gold pieces
 24601 | Orc:2    | Bought a scroll of identify for 20 gold pieces
 24653 | Orc:2    | Paralysed by an ogre mage for 7 turns
 24666 | Orc:2    | Paralysed by an ogre mage for 6 turns
 24940 | Orc:2    | Found Pivearch's Antique Armour Shop.
 24940 | Orc:2    | Found Gemygotij's Jewellery Boutique.
 25309 | Orc:2    | Bought a scroll of acquirement for 520 gold pieces
 25309 | Orc:2    | Acquired Gealiemu's Almanac of the Toxic Volcanoes
 25316 | Orc:2    | Learned a level 4 spell: Olgreb's Toxic Radiance
 25362 | Orc:2    | Bought a scroll of fog for 20 gold pieces
 25362 | Orc:2    | Bought a scroll of fear for 35 gold pieces
 26011 | Lair:3   | Reached skill level 10 in Spellcasting
 26268 | Lair:3   | Reached skill level 1 in Long Blades
 26385 | Lair:3   | Noticed Urug
 26435 | Lair:3   | Killed Urug
 26867 | Lair:4   | Reached skill level 5 in Earth Magic
 26881 | Lair:4   | Found a frozen archway.
 26939 | IceCv    | Entered an ice cave
 26965 | IceCv    | Found a transporter.
 26985 | IceCv    | Found a transporter.
 27365 | Lair:4   | Reached XP level 14. HP: 106/107 MP: 20/32
 29242 | Lair:4   | Paralysed by a hornet for 3 turns
 29255 | Lair:4   | Paralysed by a hornet for 2 turns
 29678 | Lair:4   | Slain by a six-headed hydra

Illustrated notes

Levels and vault maps discovered:
D:1:      saegor_arrival_simple_b, layout_loops_ring, minmay_misc_feat_ornament
D:2:      minmay_wonky_spiral, layout_basic, nicolae_ecumenical_snake_handling
D:3:      minmay_chambers_of_twos, layout_rooms, serial_shops, shop_fountains,
          uniq_grinder, uniq_terence
D:4:      layout_cave_pods, fedhas_altar_decomposition,
          minmay_temple_entry_glassed_door
D:5:      layout_cave_pools, mainiacjoe_overflow_tiny_flanked,
          minmay_misc_feat_plants
D:6:      layout_rooms, nicolae_wu_jian_wuxing_cycle,
          makhleb_blood_cavern_becter, nicolae_ru_great_annihilating_truth,
          minmay_overflow_temple_star_quad, uniq_prince_ribbit1
D:7:      layout_rooms, minmay_fractal_squares_diagonal_5
D:8:      layout_cave_pools, hellmonk_ghost_big_iron, corexii_hall_statues_t,
          moated_statue, hangedman_decor_opposing, uniq_maggie
D:9:      layout_cave_pods, serial_shops, shop, minmay_fire_ice_demons
D:10:     layout_rooms, lair_entry_dummy, serial_shops, kennysheep_mini_moat,
          uniq_grum
D:11:     layout_cave_pools, hiddenorc1_lemuel, st_stairs_11, uniq_maurice,
          uniq_snorg
Lair:1:   layout_regular_city
Lair:2:   layout_chaotic_city, dummy_snake_entry,
          nicolae_spider_entry_orb_guardian
Lair:3:   layout_roguey, uniq_urug
Lair:4:   nzn_winding_woodlands_small [nzn_winding_woodlands_5x15_garden,
          nzn_winding_woodlands_center_triple_pond,
          nzn_winding_woodlands_5x15_lazy_stream], layout_loops_ring,
          portal_ice_cave_entry_pillars_1, hangedman_tree_tricks,
          serial_bayou_shore_a
Lair:5:   layout_hall_layers, slime_dummy, serial_bayou_shore_b,
          grunt_megastairs_1
Orc:1:    giant_chief_lemuel, layout_diamond_mine
Orc:2:    kennysheep_orc_mage_school, layout_caves, library_closet

Skill      XL: |  1  2  3  4  5  6  7  8  9 10 11 12 13 14 |
---------------+-------------------------------------------+-----
Spellcasting   | 2 3 4 5 8 10 | 10.0
Poison Magic   | 3 4 |  4.0
Conjurations   | 1 2 3 4 |  4.0
Transmutations | 1 2 3 |  3.0
Air Magic      | 1 3 4 |  4.0
Fighting       | 2 3 5 |  5.0
Armour         | 5 6 7 |  7.0
Short Blades   | 4 7 9 10 | 10.0
Dodging        | 2 4 6 8 9 |  9.0
Shields        | 3 4 |  4.0
Stealth        | 5 6 |  6.3
Evocations     | 6 |  6.0
Necromancy     | 1 4 5 |  5.5
Earth Magic    | 5 6 |  6.6
Long Blades    | 2 3 |  3.8

Action                   |  1- 3 |  4- 6 |  7- 9 | 10-12 | 13-15 || total
-------------------------+-------+-------+-------+-------+-------++-------
Melee: Club              |    41 |       |       |       |       ||    41
       Hand axe          |     3 |     7 |       |       |       ||    10
       Dagger            |       |    84 |   398 |   634 |    30 ||  1146
       Quarterstaff      |       |       |       |    31 |       ||    31
       Katana            |       |       |       |       |   342 ||   342
       Scimitar          |       |       |       |       |    43 ||    43
 Cast: Sting             |   100 |   119 |   245 |   588 |    64 ||  1116
       Mephitic Cloud    |       |     1 |    13 |    70 |    23 ||   107
       Poisonous Vapours |       |       |     2 |    80 |    64 ||   146
       Blink             |       |       |       |     3 |       ||     3
       Olgreb's Toxic Ra |       |       |       |       |    26 ||    26
       Borgnjor's Vile C |       |       |       |       |    12 ||    12
Evoke: Wand              |       |       |       |    10 |     3 ||    13
       Piece from Xom's  |       |       |       |       |     1 ||     1
  Use: Potion            |       |     2 |     1 |     1 |     3 ||     7
       Scroll            |       |     9 |     7 |    12 |     4 ||    32
 Stab: Confused          |       |       |       |    24 |     6 ||    30
       Paralysed         |       |       |       |     3 |       ||     3
       Sleeping          |       |       |       |       |     7 ||     7
Armor: Chain mail        |    33 |       |       |       |       ||    33
       Leather armour    |    21 |    35 |   184 |       |     3 ||   243
       Skin              |       |    13 |       |       |       ||    13
       Ring mail         |       |       |    11 |   182 |       ||   193
       Troll leather arm |       |       |       |   100 |    84 ||   184
       Robe              |       |       |       |       |    18 ||    18
Dodge: Dodged            |    83 |    64 |   257 |   518 |   258 ||  1180
Block: Buckler           |       |       |     7 |   175 |    95 ||   277

Table legend: (Time is in decaauts)
 A = Elapsed time spent in this place.
 B = Non-inter-level travel time spent in this place.
 C = Inter-level travel time spent in this place.
 D = Time resting spent in this place.
 E = Time spent auto-exploring this place.
 F = Levels seen in this place.
 G = Mean time per level.
                   A        B        C        D        E       F      G
               +--------+--------+--------+--------+--------+-----+--------+
         Total |  29304 |  27915 |   1389 |   4574 |  16555 |  19 | 1542.3 |
       Dungeon |  17791 |  17068 |    723 |   3226 |   9826 |  11 | 1617.4 |
          Lair |   6435 |   6098 |    337 |    522 |   4372 |   5 | 1287.0 |
  Orcish Mines |   5012 |   4684 |    328 |    826 |   2357 |   2 | 2506.0 |
      Ice Cave |     65 |     65 |      0 |      0 |      0 |   1 |   65.0 |
               +--------+--------+--------+--------+--------+-----+--------+

Top non-repeatable levels by time:
   Orc:1: 3463 daAuts
     D:4: 2558 daAuts
  Lair:4: 2421 daAuts
     D:6: 1953 daAuts
    D:10: 1794 daAuts
     D:2: 1711 daAuts
     D:9: 1687 daAuts
     D:7: 1659 daAuts
    D:11: 1573 daAuts
   Orc:2: 1548 daAuts
     D:1: 1505 daAuts
     D:5: 1398 daAuts
  Lair:1: 1217 daAuts
  Lair:2: 1164 daAuts
  Lair:3: 1147 daAuts
